Map: [ESL] Dynasty

Players

Nanami

  • Race: Protoss Protoss
  • Spawn Location: 7:00

Has - Winner!

  • Race: Protoss Protoss
  • Spawn Location: 1:00

Event: ESL SC2 Masters 2024 Spring (Regional)

VOD

Have the link to the VOD?

Description

Time

  • Played on: April 10, 2024, 7:17 a.m.
  • Length: 19:56

All games in this series

Show
View Real Time Build Order
Export as new Build Order

Nanami Protoss 

Build Orders: Blink Stalkers, Dark Templar Rush 

Get SALT Encoding   

  12  0:00  Probe  
  13  0:12  Probe  
  14  0:17  Pylon  
  14  0:24  Probe (Chrono Boost)  
  15  0:36  Probe (Chrono Boost)  
  15  0:37  Gateway  
  16  0:44  Probe (Chrono Boost)  
  16  0:46  Assimilator  
  17  0:51  Probe  
  18  0:58  Assimilator  
  18  1:03  Probe (Chrono Boost)  
  19  1:08  Gateway  
  19  1:13  Probe (Chrono Boost)  
  19  1:18  Probe (Chrono Boost)  
  20  1:24  Cybernetics Core  
  21  1:29  Probe  
  22  1:34  Pylon  
  22  1:41  Probe  
  23  2:00  Adept x2  
  27  2:01  Twilight Council  
  27  2:04  Warp Gate  
  27  2:11  Pylon  
  27  2:30  Stalker  
  29  2:39  Dark Shrine  
  29  2:46  Shield Battery  
  29  2:49  Stalker  
  31  3:01  Probe  
  32  3:21  Nexus  
  32  3:24  Pylon, Probe  
  33  3:36  Probe  
  34  3:48  Probe  
  34  3:51  Blink (Chrono Boost)  
  34  3:52  Dark Templar x2  
  39  3:59  Dark Templar  
  39  4:00  Probe  
  38  4:08  Robotics Facility  
  38  4:12  Pylon, Probe (Chrono Boost)  
  39  4:30  Probe  
  39  4:35  Pylon, Probe  
  41  4:42  Stalker x2, Probe  
  46  4:47  Probe  
  46  4:51  Observer  
  47  4:55  Probe  
  47  4:59  Probe  
  50  5:02  Gateway x2  
  50  5:03  Shield Battery  
  51  5:07  Probe  
  51  5:11  Stalker  
  54  5:18  Stalker  
  56  5:21  Pylon  
  55  5:36  Stalker  
  55  5:38  Shield Battery  
  55  5:42  Stalker  
  57  5:43  Shield Battery  
  55  5:52  Probe x2  
  55  5:57  Stalker  
  57  5:59  Pylon  
  55  6:04  Stalker  
  55  6:06  Shield Battery  
  54  6:19  Probe  
  54  6:21  Stalker x3  
  60  6:29  Stalker  
  60  6:30  Probe  
  61  6:34  Assimilator  
  61  6:35  Shield Battery  
  61  6:39  Probe  
  60  6:43  Probe  
  60  6:45  Pylon  
  60  6:46  Stalker  
  61  6:52  Stalker  
  64  6:56  Adept x2  
  64  6:58  Probe  
  60  7:01  Probe  
  57  7:10  Stalker, Probe  
  57  7:14  Probe  
  59  7:22  Stalker x3  
  65  7:36  Stalker  
  65  7:43  Shadow Stride (Chrono Boost)  
  63  7:45  Stalker  
  63  7:46  Stalker x2  
  68  8:02  Pylon  
  68  8:06  Pylon  
  68  8:08  Gateway, Dark Templar  
  68  8:12  Shield Battery  
  66  8:21  Probe x2  
  66  8:24  Dark Templar  
  69  8:34  Probe x2  
  69  8:35  Stalker x2  
  75  8:49  Stalker  
  77  8:58  Pylon  
  77  8:59  Warp Prism  
  77  9:00  Dark Templar  
  79  9:14  Stalker x3  
  79  9:27  Stalker  
  78  9:33  Stalker  
  68  9:44  Stalker x3  
  73  9:50  Stalker  
  69  10:06  Dark Templar  
  71  10:12  Stalker  
  67  10:21  Stalker  
  63  10:23  Stalker  
  63  10:24  Zealot  
  59  10:30  Probe  
  59  10:32  Probe  
  61  10:49  Stalker x2  
  63  10:50  Stalker  
  59  11:06  Stalker  
  59  11:08  Stalker  
  63  11:12  Observer (Chrono Boost)  
  64  11:21  Probe x2  
  64  11:25  Stalker  
  68  11:33  Probe  
  68  11:37  Probe  
  70  11:40  Stalker  
  71  11:51  Stalker  
  71  11:53  Observer  
  72  12:05  Adept x2  
  72  12:06  Dark Templar  
  77  12:24  Probe x2  
  77  12:28  Observer  
  78  12:36  Probe  
  78  12:37  Stalker x2  
  80  12:51  Dark Templar x2  
  78  13:00  Stalker  
  80  13:06  Stalker  
  80  13:10  Stalker  
  84  13:24  Observer, Stalker x2  
  86  13:33  Stalker  
  84  13:44  Stalker  
  82  13:59  Stalker  
  82  14:00  Stalker  
  86  14:09  Dark Templar  
  86  14:13  Stalker  
  86  14:29  Dark Templar x2  
  90  14:44  Stalker  
  84  15:04  Stalker x3  
  86  15:15  Stalker  
  88  15:26  Stalker  
  72  16:07  Stalker x5  
  66  16:43  Stalker x2  
  70  16:56  Stalker  
  62  17:24  Observer  
  62  17:28  Nexus  
  46  17:54  Probe  
  47  18:08  Observer (Chrono Boost)  
  47  18:17  Probe  
  48  18:23  Observer (Chrono Boost)  
  49  18:37  Probe (Chrono Boost)  
  50  18:47  Probe (Chrono Boost)  
  52  18:57  Probe (Chrono Boost)  
  52  19:01  Probe (Chrono Boost)  
  53  19:14  Probe  
  54  19:22  Probe  
  55  19:31  Probe  
Show
View Real Time Build Order
Export as new Build Order

Has Protoss - Winner!

Build Orders: Blink Stalkers 

Get SALT Encoding   

  12  0:00  Probe  
  13  0:12  Probe  
  14  0:18  Pylon  
  14  0:24  Probe (Chrono Boost)  
  15  0:37  Probe (Chrono Boost), Gateway  
  16  0:43  Probe  
  16  0:46  Assimilator  
  17  0:55  Probe  
  17  0:56  Assimilator  
  18  1:04  Gateway  
  18  1:08  Probe (Chrono Boost)  
  19  1:17  Probe (Chrono Boost)  
  20  1:22  Probe (Chrono Boost)  
  21  1:26  Cybernetics Core  
  21  1:34  Probe  
  21  1:37  Pylon  
  22  1:46  Probe  
  23  1:58  Probe  
  24  2:02  Warp Gate  
  24  2:03  Stalker  
  24  2:04  Stalker  
  28  2:08  Pylon  
  28  2:25  Twilight Council  
  27  2:40  Probe  
  28  2:47  Stalker x2  
  28  2:49  Shield Battery  
  32  2:56  Probe  
  33  2:59  Shield Battery  
  33  3:05  Blink (Chrono Boost)  
  33  3:29  Robotics Facility  
  33  3:33  Nexus  
  33  3:43  Pylon  
  33  3:54  Stalker x2  
  37  4:03  Gateway  
  38  4:13  Observer (Chrono Boost)  
  38  4:18  Pylon  
  38  4:24  Pylon  
  38  4:35  Warp Prism (Chrono Boost)  
  41  4:39  Stalker  
  41  4:45  Stalker  
  45  4:59  Stalker  
  46  5:00  Observer (Chrono Boost)  
  46  5:03  Stalker  
  49  5:20  Probe  
  50  5:23  Gateway  
  49  5:30  Stalker x3  
  53  5:56  Stalker x3  
  59  5:58  Probe x2  
  62  6:16  Pylon x2  
  61  6:27  Probe  
  60  6:33  Stalker  
  60  6:34  Stalker  
  60  6:36  Stalker x2  
  62  6:45  Probe x2  
  58  6:56  Stalker  
  58  6:57  Stalker, Probe x2  
  58  6:59  Stalker  
  64  7:07  Gateway  
  64  7:09  Assimilator  
  64  7:10  Pylon  
  64  7:11  Probe x2  
  60  7:24  Stalker x2  
  63  7:30  Probe  
  63  7:36  Stalker  
  67  7:37  Stalker  
  68  7:46  Probe x2  
  68  7:49  Stalker x2  
  72  7:58  Stalker  
  72  8:04  Stalker  
  76  8:13  Stalker  
  76  8:14  Stalker  
  80  8:27  Stalker x2  
  84  8:38  Pylon  
  84  8:39  Pylon  
  82  8:44  Stalker x2  
  86  8:54  Pylon  
  86  8:56  Stalker x2  
  86  8:57  Stalker  
  92  9:09  Stalker x2  
  96  9:16  Stalker  
  96  9:29  Stalker x2  
  90  9:42  Stalker  
  90  9:43  Stalker  
  90  9:44  Probe x2  
  91  10:07  Nexus  
  65  10:31  Observer (Chrono Boost)  
  65  10:33  Stalker x2  
  61  11:05  Probe (Chrono Boost)  
  62  11:16  Probe (Chrono Boost)  
  63  11:21  Probe (Chrono Boost)  
  63  11:23  Probe (Chrono Boost)  
  66  11:39  Sentry  
  67  11:40  Stalker  
  70  11:52  Probe (Chrono Boost)  
  68  12:00  Stalker  
  70  12:05  Stalker  
  70  12:07  Probe (Chrono Boost)  
  73  12:19  Probe  
  74  12:26  Stalker  
  73  12:38  Stalker  
  73  12:40  Observer  
  75  12:44  Stalker  
  76  12:55  Stalker  
  78  13:07  Stalker  
  78  13:08  Stalker  
  80  13:20  Observer  
  80  13:26  Stalker  
  80  13:27  Observer  
  80  13:33  Probe x2 (Chrono Boost)  
  80  13:45  Probe x2 (Chrono Boost)  
  80  13:46  Stalker  
  84  13:54  Stalker  
  86  14:02  Stalker  
  86  14:07  Stalker  
  90  14:17  Stalker  
  90  14:24  Stalker  
  90  14:29  Probe (Chrono Boost)  
  90  14:30  Probe (Chrono Boost)  
  94  14:40  Probe (Chrono Boost)  
  95  14:46  Stalker  
  95  14:51  Stalker  
  79  15:42  Stalker x3  
  76  16:22  Nexus  
  75  16:36  Nexus  
  75  16:53  Sentry x2  
  78  17:08  Pylon  
  68  17:36  Observer  
  69  17:55  Observer  
  70  18:15  Observer  
  71  18:21  Stalker  
  73  18:37  Observer  
  73  19:24  Observer  
  73  19:37  Stalker  
Tags
 
Add a new tag
Caveats
  • Supply blocks, unpowered buildings, or Contaminate may cause inaccurate times.
  • Supply counts are checked every 10 seconds.